 Dungeon Crawl Stone Soup version 0.28-a0-390-gb254ac4902 (webtiles) character file.

Game seed: 15364213798276194819

188606 senseless the Executioner (level 17, -17/173 HPs)
             Began as a Minotaur Fighter on Sept 3, 2021.
             Was the Champion of Qazlal.
             Killed from afar by a deep elf sorcerer (48 damage)
             ... with damnation
             ... on level 3 of the Elven Halls on Sept 4, 2021.
             The game lasted 01:34:03 (23167 turns).

senseless the Executioner (Minotaur Fighter)       Turns: 23167, Time: 01:34:04

Health: -17/173    AC: 40    Str: 26    XL:     17   Next: 91%
Magic:  16/16      EV: 19    Int:  9    God:    Qazlal [******]
Gold:   1571       SH:  8    Dex: 10    Spells: 16/16 levels left

rFire   . . .      SeeInvis .   a - +9 broad axe (spect)
rCold   . . .      Faith    .   (no shield)
rNeg    + . .      Spirit   .   D - +9 storm dragon scales
rPois   .          Reflect  .   T - +0 hat
rElec   +          Harm     .   l - +2 cloak
rCorr   .          Rampage  .   q - +2 pair of gloves of Death's Door {-Tele rN+ Regen+ Int+4}
Will    +....      NoTele   +   g - +2 pair of boots
Stlth   ..........              j - amulet of regeneration
HPRegen 2.38/turn               v - +4 ring of evasion
MPRegen 0.15/turn               y - +4 ring of evasion

@: protected from physical damage, studying Stealth, repel missiles
A: horns 2, retaliatory headbutt, weak 1
a: Renounce Religion, Upheaval, Elemental Force, Disaster Area


You were on level 3 of the Elven Halls.
You worshipped Qazlal.
Qazlal was exalted by your worship.
You visited 4 branches of the dungeon, and saw 26 of its levels.
You visited the Abyss 2 times.
You also visited: Bailey.

You collected 2394 gold pieces.
You spent 823 gold pieces at shops.

Inventory:

Hand Weapons
 a - a +9 spectral broad axe (weapon)
 b - the +2 longbow of Perversion {freeze, rF+}
   (You found it on level 6 of the Dungeon)

   Any ammunition fired from it freezes those it strikes, dealing additional
   cold damage.
   It can also slow down cold-blooded creatures.
   rF:        It protects you from fire.
 i - a +5 war axe of flaming
 L - the +10 war axe "Wokuuj" {vorpal, Will- Str+4 Dex+4}
   (You found it on level 14 of the Dungeon)

   It inflicts extra damage upon your enemies.
   Str:       It affects your strength (+4).
   Dex:       It affects your dexterity (+4).
   Will:      It decreases your willpower.
Missiles
 w - 847 arrows
Armour
 g - a +2 pair of boots (worn)
 l - a +2 cloak (worn)
 q - the +2 pair of gloves of Death's Door (worn) {-Tele rN+ Regen+ Int+4}
   (You acquired it on level 4 of the Lair of Beasts)

   Int:       It affects your intelligence (+4).
   rN:        It protects you from negative energy.
   -Tele:     It prevents most forms of teleportation.
   Regen:     It increases your rate of health regeneration.
 u - a +2 pair of gloves of stealth
 D - +9 storm dragon scales (worn)
 T - a +0 hat (worn)
Jewellery
 j - an amulet of regeneration (around neck)
 k - the ring "Yrinnull" {rCorr Dex+4}
   (You acquired it on level 11 of the Dungeon)

   [ring of resist corrosion]

   Dex:       It affects your dexterity (+4).
   rCorr:     It protects you from acid and corrosion.
 v - a +4 ring of evasion (left hand)
 y - a +4 ring of evasion (right hand)
 E - a ring of see invisible
 K - a +4 ring of protection
 N - a ring of resist corrosion
 Q - a ring of flight
 V - the ring "Qaet" {Fire rElec Dex+9 Slay-2 SInv}
   (You found it on level 1 of the Elven Halls)

   [ring of fire]

   It enhances your fire magic.
   Dex:       It affects your dexterity (+9).
   Slay:      It affects your accuracy & damage with ranged weapons and melee
   (-2).
   rF:        It protects you from fire.
   rC:        It makes you vulnerable to cold.
   rElec:     It insulates you from electricity.
   SInv:      It lets you see invisible.
 X - a ring of positive energy
Wands
 p - a wand of iceblast (33)
 A - a wand of mindburst (45)
 F - a wand of acid (9) (quivered)
 H - a wand of polymorph (13)
 O - a wand of paralysis (23)
 U - a wand of charming (10)
Scrolls
 f - 6 scrolls of teleportation
 r - 4 scrolls of identify
 s - 3 scrolls of magic mapping
 x - 4 scrolls of blinking
 z - 5 scrolls of fear
 M - 3 scrolls of summoning
 Y - 2 scrolls of fog
Potions
 c - 4 potions of attraction
 d - 3 potions of might
 e - 4 potions of curing
 h - 4 potions of mutation
 m - 5 potions of lignification
 n - 3 potions of flight
 o - a potion of heal wounds
 t - 6 potions of haste
 B - a potion of cancellation
 J - 12 potions of ambrosia
 P - a potion of invisibility
 R - a potion of resistance
 S - a potion of berserk rage


   Skills:
 + Level 21.3 Fighting
 + Level 21.7 Axes
 + Level 8.1 Bows
 + Level 0.5 Throwing
 + Level 15.2 Armour
 + Level 5.7 Dodging
 + Level 6.8 Stealth
 + Level 14.3 Shields
 + Level 0.4 Invocations
 + Level 1.0 Evocations


You had 16 spell levels left.
You didn't know any spells.
Your spell library contained the following spells:

 Spells                   Type           Power      Damage    Failure   Level
 Animate Skeleton         Necr           0%         N/A       83%         1
 Apportation              Tloc           0%         N/A       83%         1
 Corona                   Hex            0%         N/A       83%         1
 Foxfire                  Conj/Fire      0%         2x1d4     83%         1
 Pain                     Necr           0%         1d4       83%         1
 Sandblast                Erth           0%         2d4       83%         1
 Sting                    Tmut/Pois      0%         1d3       83%         1
 Summon Small Mammal      Summ           0%         N/A       83%         1
 Blink                    Tloc           N/A        N/A       92%         2
 Passwall                 Tmut/Erth      0%         N/A       92%         2
 Poisonous Vapours        Pois/Air       0%         N/A       92%         2
 Conjure Flame            Conj/Fire      0%         6-21      99%         3
 Ignite Poison            Fire/Tmut/Pois 0%         N/A       99%         3
 Inner Flame              Hex/Fire       0%         N/A       99%         3
 Lesser Beckoning         Tloc           0%         N/A       99%         3
 Summon Guardian Golem    Hex/Summ       0%         N/A       99%         3
 Swiftness                Air            0%         N/A       99%         3
 Airstrike                Air            0%         N/A       100%        4
 Animate Armour           Summ/Erth      0%         N/A       100%        4
 Animate Dead             Necr           0%         N/A       100%        4
 Flame Wave               Conj/Fire      0%         3d3       100%        4
 Hailstorm                Conj/Ice       0%         3d3       100%        4
 Ice Form                 Ice/Tmut       0%         N/A       100%        4
 Olgreb's Toxic Radiance  Pois           0%         N/A       100%        4
 Petrify                  Tmut/Erth      0%         N/A       100%        4
 Summon Lightning Spire   Summ/Air       0%         N/A       100%        4
 Agony                    Necr           0%         N/A       100%        5
 Borgnjor's Vile Clutch   Necr/Erth      0%         N/A       100%        5
 Excruciating Wounds      Necr           0%         N/A       100%        5
 Iskenderun's Battlesphe  Conj           0%         2d6       100%        5
 Lightning Bolt           Conj/Air       0%         1d11      100%        5
 Manifold Assault         Tloc           0%         N/A       100%        5
 Metabolic Englaciation   Hex/Ice        0%         N/A       100%        5
 Conjure Ball Lightning   Conj/Air       0%         3x3d6     100%        6
 Death Channel            Necr           0%         N/A       100%        6
 Invisibility             Hex            0%         N/A       100%        6
 Iron Shot                Conj/Erth      0%         9d1       100%        6
 Simulacrum               Ice/Necr       0%         N/A       100%        6
 Statue Form              Tmut/Erth      0%         N/A       100%        6
 Orb of Destruction       Conj           0%         N/A       100%        7
 Ozocubu's Refrigeration  Ice            0%         4d5       100%        7
 Spellforged Servitor     Conj/Summ      0%         N/A       100%        7
 Ignition                 Fire           0%         3d3       100%        8


Dungeon Overview and Level Annotations

Branches:
Dungeon (15/15)            Temple (0/1) D:6            Lair (6/6) D:10
 Shoals (0/4) Lair:2       Spider (0/4) Lair:4        Slime (0/5) Lair:5
    Orc (2/2) D:9             Elf (3/3) Orc:2        Vaults (0/5) D:13
 Depths (0/5) D:15         Bailey (visited)

Altars:
Elyvilon
Gozag
Hepliaklqana
Okawaru
Qazlal
Ru
Sif Muna
Vehumet

Shops:
D:4 !   D:13 *![*   D:15 *   Orc:2 :?*[=   Elf:1 :   Elf:2 *   Elf:3 (


Innate Abilities, Weirdness & Mutations

You have a pair of horns on your head.
You reflexively headbutt those who attack you in melee.
You are weak. (Str -2)


Message History

Your +9 spectral broad axe hits the deep elf high priest!!
You kill the deep elf high priest!
Qazlal accepts your kill.
Your +9 spectral broad axe hits the deep elf high priest!
The deep elf high priest calls down the wrath of its god upon your +9 spectral broad axe.
Your +9 spectral broad axe is smitten.
Your spectral weapon shares its damage with you!
Your +9 spectral broad axe fades away.
* * * LOW HITPOINT WARNING * * *
The deep elf annihilator casts a spell.
The deep elf annihilator blinks!
Things that are here:
a +0 long sword; an elf corpse The deep elf annihilator casts a spell at you.
The bolt of lightning hits you! You resist.
You feel protected from electricity.
* * * LOW HITPOINT WARNING * * *
Things that are here:
a +0 rapier; a +0 ring mail The deep elf high priest intones a terrible prayer.
The deep elf annihilator mumbles some strange words.
The deep elf annihilator blinks!
The deep elf high priest prays.
The deep elf high priest utters a dark prayer and points at you.
Your life force is offered up.
* * * LOW HITPOINT WARNING * * *
The deep elf high priest is healed.
The deep elf annihilator is healed.
Things that are here:
a +0 rapier; a +0 long sword; an elf corpse The deep elf annihilator hits you with a +4 long sword.
* * * LOW HITPOINT WARNING * * *
Your resistance to electricity fades away.
You feel protected from physical attacks.
You see here a +1 vorpal long sword.
You slice the deep elf annihilator like a ripe choko!!!
You kill the deep elf annihilator!
Qazlal accepts your kill.
The deep elf sorcerer gestures at you while chanting.
The sphere of damnation explodes!
The damnation engulfs you!!!
You die...

#. #e #e #.
#e######### #
#)e)).....## ##
####)☼.....## ##.
##§°§).....## #..
#...○@......# #..
#..○[○☼.....# #..
#..○))......# #..
#...........# #..
#....[......# ##.
##.........## ##
##.......'## ### ##'
##.....##.###.####.#
###+#####'#...##.##


You could see a deep elf sorcerer (fast, empowered) and a deep elf high priest.

Vanquished Creatures
  Jorgrun (D:14)
  2 liches (Abyss:3)
  A deep elf master archer (Elf:3)
  Frances (D:13)
  Kirke (Lair:5)
  2 tentacled starspawn
  Agnes (D:14)
  Roxanne (D:14)
  5 deep elf sorcerers (Elf:3)
  An orc warlord (Orc:2)
  A ghost moth (Abyss:2)
  A balrug (Abyss:3)
  The ghost of Piutsennur the Stormcaller, an adept TeAE of Ru (Elf:1)
  A deep elf elementalist (Elf:3)
  16 starcursed masses
  A green draconian (Abyss:3)
  Nessos (D:13)
  4 deep elf annihilators (Elf:3)
  3 deep elf demonologists
  A spark wasp (shapeshifter) (Abyss:3)
  4 deep elf death magi (Elf:3)
  A fire dragon (D:10)
  2 deep elf high priests (Elf:3)
  A boulder beetle (D:15)
  2 vault guards (D:13)
  A rakshasa (Abyss:3)
  Fannar (Lair:3)
  9 hydras
  4 ogre magi (Orc:2)
  A catoblepas (D:13)
  A centaur warrior (D:14)
  15 two-headed ogres
  21 dancing weapons
  A merfolk avatar (Lair:6)
  2 death knights
  2 tengu warriors (D:14)
  Urug (D:12)
  12 deep elf knights
  A wretched star (Abyss:2)
  7 large abominations
  A sixfirhy (Abyss:2)
  A flayed ghost (Abyss:2)
  3 sea snakes (Lair:6)
  2 wizards
  10 deep elf archers
  4 necromancers
  3 orc knights
  24 deep elf pyromancers
  2 phantasmal warriors
  An ugly thing (D:13)
  A will-o-the-wisp (Abyss:3)
  4 orc sorcerers
  28 deep elf zephyrmancers
  2 cyclopes
  7 manticores
  A worldbinder (Abyss:2)
  21 elephants
  A merfolk siren (Lair:2)
  8 black mambas
  4 smoke demons
  3 centaur zombies
  A naga mage (D:15)
  An orange demon (Abyss:3)
  2 gargoyles
  13 cane toads
  An apocalypse crab (Abyss:2)
  A centaur skeleton (D:15)
  6 rime drakes
  11 komodo dragons
  An unseen horror (D:12)
  2 yaktaurs (D:13)
  2 kobold demonologists (D:11)
  2 efreet
  A freezing wraith (D:15)
  4 ancient zymes
  A queen bee (Lair:2)
  3 meliai
  3 jumping spiders (Lair:4)
  5 polar bears
  4 trolls
  10 raiju (Abyss:2)
  13 blink frogs
  8 dream sheep (Lair:3)
  4 slime creatures
  A meliai zombie (D:10)
  6 flying skulls (Abyss:2)
  A snapping turtle (Lair:6)
  A spriggan (shapeshifter) (D:14)
  An air elemental (Elf:1)
  7 wyverns
  6 wraiths
  3 shadows (D:9)
  A centaur simulacrum (D:15)
  2 ynoxinuls
  9 small abominations
  A yak (shapeshifter) (D:14)
  5 basilisks
  8 fire bats
  A spriggan simulacrum (Abyss:2)
  16 humans (D:13)
  4 redbacks (Lair:4)
  14 yaks
  4 fire elementals
  3 hogs (Lair:5)
  4 water elementals
  12 vampire mosquitoes
  2 neqoxecs (Abyss:2)
  2 steam dragons
  A chaos spawn (Abyss:3)
  12 water moccasins
  3 wargs (Orc:2)
  A hell hound (D:9)
  Duvessa (D:7)
  An acid dragon (D:8)
  25 orc warriors
  4 sky beasts
  A black bear (Lair:3)
  An ice beast (D:7)
  26 ogres
  17 centaurs
  3 wolves (Lair:6)
  5 boggarts (D:14)
  A phantom (D:9)
  A kobold brigand (D:7)
  10 bullfrogs
  An earth elemental (Elf:3)
  A gnoll sergeant (D:10)
  2 wyvern zombies
  3 scorpions
  A wyvern skeleton (D:5)
  A water moccasin skeleton (D:4)
  Dowan (D:7)
  10 wights
  32 killer bees
  4 troll zombies (D:9)
  2 lava snakes (D:9)
  A crimson imp (Abyss:2)
  A quasit (Abyss:2)
  3 iron imps
  2 hounds
  A jelly (D:6)
  A gnoll shaman (D:5)
  12 orc priests
  2 iguanas
  28 orc wizards
  4 hell rats (Lair:4)
  A statue (D:3)
  4 ogre zombies (D:9)
  8 gnolls
  5 adders
  2 shadow imps
  2 white imps
  An ufetubus (Abyss:3)
  2 worms
  4 dart slugs
  73 orcs
  5 endoplasms
  2 giant cockroaches
  10 goblins
  8 hobgoblins
  5 jackals
  5 quokkas
  10 ball pythons
  11 bats
  2 frilled lizards (D:3)
  2 goblin skeletons (D:9)
  2 goblin zombies (D:9)
  A hobgoblin skeleton (D:9)
  A hobgoblin zombie (D:9)
  6 kobolds
  4 orc skeletons (D:9)
  15 orc zombies (D:9)
  5 rats
  A spectral hobgoblin (D:2)
  A bush (Lair:6)
  2 fire vortices (D:9)
  3 starspawn tentacles
908 creatures vanquished.

Vanquished Creatures (others)
  A fire vortex (D:9)
  5 foxfires (Abyss:3)
  21 fungi
  30 plants
  3 starspawn tentacles (Abyss:2)
60 creatures vanquished.

Grand Total: 968 creatures vanquished

Notes
Turn   | Place    | Note
-------+----------+-------------------------------------------
     0 | D:1      | senseless the Minotaur Fighter began the quest for the Orb.
     0 | D:1      | Reached XP level 1. HP: 19/19 MP: 0/0
   229 | D:1      | Reached XP level 2. HP: 23/27 MP: 1/1
   806 | D:2      | Reached XP level 3. HP: 33/33 MP: 2/2
  1281 | D:2      | Found a faded altar of an unknown god.
  1835 | D:3      | Reached XP level 4. HP: 40/40 MP: 3/3
  1889 | D:3      | Found a shimmering blue altar of Sif Muna.
  1943 | D:3      | Found a stormy altar of Qazlal.
  1953 | D:3      | Became a worshipper of Qazlal Stormbringer
  2023 | D:3      | Found a radiant altar of Vehumet.
  2023 | D:3      | Noticed a frost-covered statue
  2712 | D:4      | Noticed an ogre
  2718 | D:4      | Killed an ogre
  2719 | D:4      | Reached skill level 5 in Armour
  2719 | D:4      | Reached XP level 5. HP: 46/46 MP: 4/4
  2735 | D:4      | Found a hazy altar of Hepliaklqana.
  2852 | D:4      | Reached skill level 5 in Shields
  2888 | D:4      | Found Ogeacas's Distillery.
  2891 | D:4      | Bought a potion of degeneration for 12 gold pieces
  2909 | D:4      | Reached * piety under Qazlal
  2910 | D:4      | Reached XP level 6. HP: 42/52 MP: 5/5
  2974 | D:4      | Reached skill level 5 in Axes
  2981 | D:4      | Reached skill level 1 in Dodging
  3096 | D:4      | Found an opulent altar of Gozag.
  3197 | D:4      | Reached skill level 5 in Fighting
  3197 | D:4      | Reached XP level 7. HP: 57/61 MP: 6/6
  3841 | D:5      | Entered Level 5 of the Dungeon
  4205 | D:5      | Reached ** piety under Qazlal
  4273 | D:5      | Reached XP level 8. HP: 59/68 MP: 7/7
  4570 | D:5      | Found a sacrificial altar of Ru.
  5053 | D:6      | Reached skill level 10 in Axes
  5053 | D:6      | Reached XP level 9. HP: 68/78 MP: 8/8
  5191 | D:6      | Noticed a two-headed ogre
  5207 | D:6      | Killed a two-headed ogre
  5378 | D:6      | Identified the +2 longbow of Perversion {freeze, rF+}
  5426 | D:6      | Found a staircase to the Ecumenical Temple.
  6094 | D:7      | Found a white marble altar of Elyvilon.
  6433 | D:7      | Noticed Dowan
  6433 | D:7      | Noticed Duvessa
  6451 | D:7      | Killed Dowan
  6456 | D:7      | Killed Duvessa
  6754 | D:7      | Reached XP level 10. HP: 76/86 MP: 9/9
  6865 | D:7      | Reached *** piety under Qazlal
  7509 | D:8      | Identified a scroll of acquirement
  7509 | D:8      | Acquired a +5 broad axe of freezing
  7590 | D:9      | Reached skill level 1 in Stealth
  7978 | D:9      | Reached **** piety under Qazlal
  7997 | D:9      | Reached skill level 1 in Bows
  8009 | D:9      | Found a staircase to the Orcish Mines.
  8124 | D:9      | Reached ***** piety under Qazlal
  8604 | D:10     | Entered Level 10 of the Dungeon
  8625 | D:10     | Reached XP level 11. HP: 97/97 MP: 10/10
  8633 | D:10     | Noticed a fire dragon
  8644 | D:10     | Killed a fire dragon
  8645 | D:10     | Found the +7 great mace "Firestarter" {inner flame, rF++}
  8721 | D:10     | Identified the +3 leather armour "Qedgh" {Str+4 Int+2}
  8952 | D:10     | Found a staircase to the Lair.
  9208 | D:11     | Reached skill level 10 in Fighting
  9241 | D:11     | Found a flagged portal.
  9262 | Bailey   | Entered a bailey
  9571 | Bailey   | Noticed an orc knight
  9578 | Bailey   | Killed an orc knight
  9730 | D:11     | Reached skill level 5 in Bows
  9735 | D:11     | Acquired the ring "Yrinnull" {rCorr Dex+4}
  9808 | D:11     | Reached skill level 10 in Armour
 10298 | D:12     | Noticed Urug
 10309 | D:12     | Killed Urug
 10310 | D:12     | Reached XP level 12. HP: 101/108 MP: 11/11
 10402 | D:12     | Reached skill level 15 in Axes
 10428 | D:12     | Found a white marble altar of Elyvilon.
 10462 | D:12     | Noticed a five-headed hydra
 10470 | D:12     | Killed a two-headed hydra
 10854 | D:12     | You fall into a shaft and drop 3 floors!
 10854 | D:15     | Entered Level 15 of the Dungeon
 10964 | D:15     | Found a staircase to the Depths.
 11031 | D:15     | Noticed a boulder beetle
 11038 | D:15     | Found Ysuraet's Mayhem Merchandise.
 11038 | D:15     | Noticed a death knight
 11093 | D:14     | Noticed Jorgrun
 11111 | D:14     | Killed Jorgrun
 11182 | D:14     | Noticed a centaur warrior
 11190 | D:14     | Killed a centaur warrior
 11309 | D:13     | Noticed a two-headed ogre
 11316 | D:13     | Killed a two-headed ogre
 11317 | D:13     | Reached XP level 13. HP: 119/119 MP: 12/12
 11348 | D:13     | Noticed Nessos
 11551 | D:14     | Noticed Agnes
 11571 | D:14     | Killed Agnes
 11766 | D:14     | Identified Roxanne's Collected Works on the Mountains
 11766 | D:14     | Noticed Roxanne
 11814 | D:14     | Reached skill level 10 in Shields
 11881 | D:14     | Identified the +10 war axe "Wokuuj" {vorpal, Will- Str+4
                  | Dex+4}
 12225 | D:14     | Identified the +1 whip "Yxuruif" {drain, rC+ rN+ Will++}
 12691 | D:13     | Reached ****** piety under Qazlal
 12735 | D:13     | Killed Nessos
 12753 | D:13     | Noticed Frances
 12760 | D:13     | Killed Frances
 12769 | D:13     | Found Famu's Assorted Antiques.
 12987 | D:13     | Found a gate to the Vaults.
 13007 | D:13     | Got the Collected Works on Contamination
 13075 | D:13     | Found Coitteic's General Store.
 13079 | D:13     | Bought a scroll of identify for 30 gold pieces
 13232 | D:13     | Found Qodwall's Armour Boutique.
 13378 | D:13     | Found Vekhlyge's Distillery.
 13500 | D:14     | Killed Roxanne
 13501 | D:14     | Reached XP level 14. HP: 89/133 MP: 13/13
 13585 | D:15     | Reached skill level 15 in Fighting
 13687 | D:15     | Found an iron altar of Okawaru.
 13929 | Lair:1   | Entered Level 1 of the Lair of Beasts
 15485 | Lair:2   | Found a staircase to the Shoals.
 15733 | Lair:3   | Noticed Fannar
 15751 | Lair:3   | Killed Fannar
 16734 | Lair:4   | Acquired the +2 pair of gloves of Death's Door {-Tele rN+
                  | Regen+ Int+4}
 16919 | Lair:4   | Found a hole to the Spider Nest.
 17292 | Lair:4   | Reached XP level 15. HP: 135/147 MP: 14/14
 17762 | Lair:5   | Noticed Kirke
 17787 | Lair:5   | Killed Kirke
 17845 | Lair:5   | Found a staircase to the Slime Pits.
 18317 | Lair:6   | Entered Level 6 of the Lair of Beasts
 18473 | Lair:6   | Found an iron altar of Okawaru.
 18510 | Lair:6   | Reached skill level 1 in Evocations
 18563 | Lair:6   | Identified the +8 trident "Newtbane" {flame, rN+}
 19260 | Orc:1    | Entered Level 1 of the Orcish Mines
 19346 | Orc:2    | Entered Level 2 of the Orcish Mines
 19346 | Orc:2    | Found Berch's Jewellery Shoppe.
 19365 | Orc:2    | Reached skill level 5 in Stealth
 19376 | Orc:2    | Found Fikolob's Assorted Antiques.
 19376 | Orc:2    | Found Ebbamef's Book Emporium.
 19388 | Orc:2    | Found Zas Buurgh's Magic Scroll Shop.
 19388 | Orc:2    | Found Pefuof's Antique Armour Shoppe.
 19388 | Orc:2    | Noticed an orc warlord
 19414 | Orc:2    | Killed an orc warlord
 19439 | Orc:2    | Bought a potion of heal wounds for 160 gold pieces
 19439 | Orc:2    | Bought a scroll of enchant armour for 240 gold pieces
 19442 | Orc:2    | Bought a scroll of enchant armour for 127 gold pieces
 19442 | Orc:2    | Bought a scroll of enchant weapon for 127 gold pieces
 19442 | Orc:2    | Bought a scroll of enchant weapon for 127 gold pieces
 19602 | Orc:2    | Found a staircase to the Elven Halls.
 19972 | Elf:1    | Entered Level 1 of the Elven Halls
 19988 | Elf:1    | Reached XP level 16. HP: 132/159 MP: 15/15
 20025 | Elf:1    | Noticed Piutsennur's ghost (adept TeAE)
 20026 | Elf:1    | Found a transporter.
 20041 | Elf:1    | Found a transporter.
 20281 | Elf:1    | Found Qem Acwima's Book Shoppe.
 20789 | Elf:1    | Killed Piutsennur's ghost
 20825 | Elf:1    | Identified the ring "Qaet" {Fire rElec Dex+9 Slay-2 SInv}
 21014 | Elf:2    | Cast into level 2 of the Abyss (a deep elf demonologist)
 21068 | Abyss:2  | Gained mutation: You are weak. (Str -2) [a neqoxec]
 21201 | Abyss:2  | Noticed a tentacled starspawn
 21213 | Abyss:2  | Killed a tentacled starspawn
 21411 | Elf:2    | Escaped the Abyss
 21615 | Elf:2    | Found Botzaump's General Store.
 21741 | Elf:2    | Found a huge runed translucent gate.
 21741 | Elf:2    | Found a huge runed translucent gate.
 21741 | Elf:2    | Found a huge runed translucent gate.
 21747 | Elf:2    | Found a huge runed translucent gate.
 21747 | Elf:2    | Found a huge runed translucent gate.
 21861 | Elf:2    | Reached skill level 5 in Dodging
 21878 | Elf:2    | Reached XP level 17. HP: 88/170 MP: 16/16
 22296 | Elf:3    | Entered Level 3 of the Elven Halls
 22301 | Elf:3    | Reached skill level 15 in Armour
 22611 | Elf:3    | Found Deiniost's Weapon Shoppe.
 22833 | Elf:3    | Cast into level 3 of the Abyss (a deep elf sorcerer)
 22923 | Abyss:3  | Noticed a lich
 22931 | Abyss:3  | Killed a lich
 22940 | Abyss:3  | Noticed a lich
 22950 | Abyss:3  | Killed a lich
 23118 | Elf:3    | Escaped the Abyss
 23132 | Elf:3    | Noticed a deep elf master archer
 23144 | Elf:3    | Killed a deep elf master archer
 23159 | Elf:3    | Noticed an Ice Fiend
 23167 | Elf:3    | Killed from afar by a deep elf sorcerer

Illustrated notes

Levels and vault maps discovered:
D:1:      dpeg_arrival_subterranean_lakeside_camping, layout_rooms
D:2:      minmay_wonky_spiral, layout_loops_corners,
          dreamdust_ecumenical_altar_drowned_temple
D:3:      kennysheep_six_static_rooms, layout_loops_ring, vehumet_statue,
          mainiacjoe_overflow_catch_the_wave, st_stairs_14, minmay_statues_item
D:4:      layout_basic, grunt_gozag_statues, mainiacjoe_overflow_paths,
          serial_shops, kennysheep_mini_moat,
          minmay_a_box_with_orc_wizards_in_it
D:5:      layout_basic, amcnicky_altar_gilded
D:6:      layout_loops_ring, temple_hall_moat, serial_park_tiny_1
D:7:      layout_basic, mainiacjoe_overflow_concentric_impassable, uniq_duvessa
D:8:      layout_basic, minmay_misc_feat_iff
D:9:      layout_basic, zombieorc2_lemuel, hangedman_incinerator
D:10:     minmay_firetagon, layout_basic, david_lair_shrubbed,
          minmay_misc_feat_columns
D:11:     layout_irregular_city, enter_bailey_4
D:12:     layout_irregular_city, elyvilon_altar_5, uniq_urug
D:13:     layout_basic, grunt_vaults_entry_tiered, serial_shops, shop, shop,
          shop, nicolae_shop_temple_entry_statues_fountains, uniq_nessos,
          uniq_frances
D:14:     layout_loops_ring, glass_columns_a,
          amcnicky_mini_rare_corridor_liquid, bh_walls_and_bars, uniq_jorgrun,
          uniq_agnes, uniq_roxanne
D:15:     grunt_enter_depths_magical_seal, layout_rooms, okawaru_trees_2,
          minmay_shop_mayhem, minmay_misc_feat_five, hex_medium, minivault_22
Lair:1:   layout_chaotic_city
Lair:2:   layout_loops_ring, minmay_shoals_entry_lonely_mermaid, special_room
          [special_room_bee], serial_bayou_pond_d
Lair:3:   nzn_winding_woodlands_three_and_one
          [nzn_winding_woodlands_5x15_pockets,
          nzn_winding_woodlands_5x15_river_crossing,
          nzn_winding_woodlands_5x15_default,
          nzn_winding_woodlands_center_triple_pond], layout_cave_pods,
          grunt_megastairs_2, lemuel_fruit_tree, uniq_fannar
Lair:4:   layout_gridlike, nicolae_spider_entry_tight_spaces
Lair:5:   layout_cave_pods, slime_dummy, uniq_kirke
Lair:6:   gammafunk_lair_ancient_temple, layout_layer_cave, basic_altar
Orc:1:    layout_diamond_mine, basic_altar
Orc:2:    st_orc_ogre_mass, layout_caves, minmay_shop_enchanted_jewellery,
          mines_bat_river
Elf:1:    elf_arrival_002, layout_gridlike, serial_shops, nicolae_square_shop,
          gammafunk_ghost_arena, minmay_elf_crystal_hexagon
Elf:2:    elven_hall_of_blades_hangedman_alternative [mumra_blade_entry_dagger],
          layout_loops_ring, nicolae_elf_variegated_diamond, minmay_shop_star
Elf:3:    minmay_elf_hall_x, layout_geoelf_diagonals, serial_shops, shop

Skill      XL: |  1  2  3  4  5  6  7  8  9 10 11 12 13 14 15 16 17 |
---------------+----------------------------------------------------+-----
Shields        | 4 5 6 7 8 9 10 11 12 13 14 | 14.3
Armour         | 4 5 6 7 8 9 10 11 12 13 14 15 | 15.2
Axes           | 3 4 5 7 10 11 13 14 16 17 18 19 20 21 | 21.7
Fighting       | 4 5 6 7 9 10 12 14 17 18 20 21 | 21.3
Dodging        | 1 2 3 4 5 |  5.7
Stealth        | 1 2 3 4 6 |  6.8
Bows           | 1 6 7 8 |  8.1
Evocations     | 1 |  1.0
Throwing       | |  0.5
Invocations    | |  0.4

Action                   |  1- 3 |  4- 6 |  7- 9 | 10-12 | 13-15 | 16-18 || total
-------------------------+-------+-------+-------+-------+-------+-------++-------
Melee: War axe           |   111 |    99 |   186 |     9 |     3 |       ||   408
       Headbutt          |     6 |    14 |    29 |    80 |   140 |    76 ||   345
       Hand axe          |       |       |    39 |    60 |       |       ||    99
       Broad axe         |       |       |       |   295 |   659 |   407 ||  1361
 Fire: Longbow           |       |       |       |   102 |     6 |       ||   108
Throw: Dart              |       |     5 |       |     1 |       |       ||     6
Invok: Upheaval          |       |       |     1 |       |       |       ||     1
Evoke: Wand              |       |       |     8 |       |     1 |       ||     9
  Use: Scroll            |     9 |     1 |     6 |    12 |    15 |     2 ||    45
       Potion            |       |     2 |       |       |     2 |     1 ||     5
 Stab: Distracted        |       |       |       |     2 |     8 |     3 ||    13
Armor: Scale mail        |     7 |       |       |       |       |       ||     7
       Plate armour      |    59 |    68 |   112 |    91 |       |       ||   330
       Storm dragon scal |       |       |       |    42 |   209 |   135 ||   386
Dodge: Dodged            |    36 |    19 |    74 |   234 |   344 |   221 ||   928
       Repelled          |       |       |       |     4 |     6 |    15 ||    25
Block: Buckler           |    30 |    31 |    78 |    22 |       |       ||   161
       Other             |       |       |       |    90 |   176 |    99 ||   365

Table legend: (Time is in decaauts)
 A = Elapsed time spent in this place.
 B = Non-inter-level travel time spent in this place.
 C = Inter-level travel time spent in this place.
 D = Time resting spent in this place.
 E = Time spent auto-exploring this place.
 F = Levels seen in this place.
 G = Mean time per level.
                   A        B        C        D        E       F      G
               +--------+--------+--------+--------+--------+-----+--------+
         Total |  23020 |  21608 |   1412 |    256 |  16898 |  29 |  793.8 |
       Dungeon |  13551 |  12503 |   1048 |    211 |   9772 |  15 |  903.4 |
          Lair |   5216 |   4980 |    236 |      5 |   4262 |   6 |  869.3 |
  Orcish Mines |    681 |    664 |     17 |      3 |    515 |   2 |  340.5 |
   Elven Halls |   2487 |   2377 |    110 |     37 |   1809 |   3 |  829.0 |
         Abyss |    630 |    630 |      0 |      0 |    354 |   2 |  315.0 |
        Bailey |    454 |    454 |      0 |      0 |    185 |   1 |  454.0 |
               +--------+--------+--------+--------+--------+-----+--------+

Top non-repeatable levels by time:
    D:14: 1404 daAuts
     D:4: 1227 daAuts
     D:2: 1079 daAuts
     D:3: 1067 daAuts
     D:9: 1057 daAuts
   Elf:2: 1020 daAuts
  Lair:3: 1010 daAuts
     D:5: 1003 daAuts
  Lair:2: 952 daAuts
     D:6: 945 daAuts
    D:13: 926 daAuts
   Elf:1: 904 daAuts
  Lair:5: 890 daAuts
     D:7: 885 daAuts
  Lair:4: 845 daAuts
